 Dungeon Crawl Stone Soup version 0.31-a0-188-g5e087ee2ca (webtiles) character file.

Game seed: 12536695770656715211

54 qw the Shooter (level 3, 0/20 HPs)
             Began as a Deep Elf Hunter on June 22, 2023.
             Slain by a goblin
             ... wielding a +0 club
             ... led by Robin
              (2 damage)
             ... on level 2 of the Dungeon.
             The game lasted 00:00:24 (936 turns).

qw the Shooter (Deep Elf Hunter)                     Turns: 936, Time: 00:00:24

Health: 0/20       AC:  6    Str: 10    XL:     3   Next: 66%
Magic:  5/5        EV: 11    Int: 13    God:
Gold:   58         SH:  0    Dex: 18    Spells: 2/2 levels left

rFire   . . .        Y - +0 shortbow
rCold   . . .        (shield currently unavailable)
rNeg    . . .        j - +1 ring mail
rPois   .            (no helmet)
rElec   .            (no cloak)
rCorr   .            (no gloves)
SInv    .            (no boots)
Will    .....        (no amulet)
Stlth   +            (no ring)
HPRegen 0.23/turn    (no ring)
MPRegen 0.09/turn

%: no passive effects
@: about to teleport
A: no striking features
a: no special abilities


You were on level 2 of the Dungeon.
You visited 1 branch of the dungeon, and saw 2 of its levels.

You collected 123 gold pieces.
You spent 65 gold pieces at shops.


   Skills:
 - Level 1.5 Fighting
 + Level 7.2 Ranged Weapons
 - Level 2.4 Dodging
 - Level 1.2 Stealth


You had 2 spell levels left.
You didn't know any spells.
Your spell library was empty.

Inventory:

Hand Weapons
 Y - a +0 shortbow (weapon)
Armour
 j - a +1 ring mail (worn)
Scrolls
 a - a scroll of identify
Potions
 d - 2 potions of enlightenment {unknown}
 h - a potion of heal wounds {unknown}
 k - a potion of ambrosia {unknown}

Dungeon Overview and Level Annotations

Branches:
Dungeon (2/15)

Altars:

Shops:
D:1 :   D:2 *(


Message History

Robin is moderately wounded.
Robin barely misses you. The goblin hits you but does no damage.
You shoot an arrow.
The arrow hits Robin but does no damage.
Robin is moderately wounded.
Robin hits you with a +0 whip. The goblin hits you with a +0 dagger.
You shoot an arrow. The arrow hits Robin.
Robin is heavily wounded.
Robin roars a battlecry!
A goblin comes into view. It is wielding a +0 club.
The goblin hits you with a +0 dagger.
You shoot an arrow. The arrow hits Robin!
You kill Robin!
The goblin no longer looks unusually strong.
The goblin hits you with a +0 dagger. The goblin barely misses you.
A goblin comes into view. It is wielding a +0 club.
The goblin misses you.
Your Ranged Weapons skill increases to level 7!
You shoot an arrow. The arrow hits the goblin.
The goblin is severely wounded.
The goblin hits you but does no damage. The goblin misses you.
You shoot an arrow.
The arrow hits the goblin but does no damage.
The goblin is severely wounded.
The goblin barely misses you. The goblin hits you but does no damage.
You shoot an arrow. The arrow hits the goblin.
You kill the goblin!
The goblin hits you with a +0 club.
You shoot an arrow. The arrow hits the goblin.
You kill the goblin!
You shoot an arrow. The arrow hits the goblin.
The goblin is heavily wounded.
The goblin hits you with a +0 club. The goblin hits you but does no damage.
935 ||| READING scroll of teleportation.
As you read the scroll of teleportation, it crumbles to dust.
You feel strangely unstable. The goblin hits you with a +0 club.
You shoot an arrow. The arrow closely misses the goblin.
The goblin hits you with a +0 club.
You die...

#. #. #.
#######)#
#.##
#.).gg.g#
..# #g# #.#
#@#
#.###.###)#
#....%....#
#####.#####
.# #...# .#
#...# .##
#...# ..#
#...# ..#
#...#


You could see a goblin (strong).

Vanquished Creatures
  Robin (D:2)
  4 ball pythons
  4 endoplasms (D:1)
  10 goblins
  3 hobgoblins (D:1)
  3 jackals (D:1)
  2 kobolds
  5 bats (D:1)
  A frilled lizard (D:2)
  5 rats
38 creatures vanquished.

Notes
Turn   | Place    | Note
-------+----------+-------------------------------------------
     0 | D:1      | qw the Deep Elf Hunter began the quest for the Orb.
     0 | D:1      | Reached XP level 1. HP: 12/12 MP: 3/3
     0 | D:1      | 0 ||| qw: Version: 0.3-a-9-g12657ce
     0 | D:1      | 0 ||| qw: Game counter: 2946
     0 | D:1      | 0 ||| qw: Always use a shield: true
     0 | D:1      | 0 ||| qw: God list: Okawaru
     0 | D:1      | 0 ||| qw: Allow faded altars: false
     0 | D:1      | 0 ||| qw: Do Orc after D:15 true
     0 | D:1      | 0 ||| qw: Do second Lair branch before Depths: true
     0 | D:1      | 0 ||| qw: Lair rune preference: random
     0 | D:1      | 0 ||| qw: Plans: Normal
     0 | D:1      | 0 ||| PLANNING D:1-11
    59 | D:1      | Reached skill level 6 in Ranged Weapons
    59 | D:1      | Reached XP level 2. HP: 16/16 MP: 4/4
   439 | D:1      | Found Ruxiviuw's Book Shoppe.
   638 | D:1      | Reached XP level 3. HP: 20/20 MP: 5/5
   741 | D:1      | 741 ||| UPGRADING to +0 ring mail.
   751 | D:1      | 751 ||| DROPPING +0 leather armour.
   752 | D:1      | 752 ||| READING scroll labelled FYT KOMOCK.
   753 | D:1      | 753 ||| READING 2 scrolls labelled BEEG ETREDE.
   754 | D:1      | 754 ||| READING scroll of enchant armour.
   754 | D:1      | 754 ||| ENCHANTING +0 ring mail.
   755 | D:1      | 755 ||| READING scroll labelled ACUUGECW FOMEOK.
   756 | D:1      | 756 ||| READING scroll labelled SOUJUGGIKHYIM.
   793 | D:1      | 793 ||| READING scroll labelled PUM BONIQO.
   794 | D:1      | 794 ||| DROPPING scroll of butterflies.
   813 | D:2      | Found Xeraz's General Store.
   825 | D:2      | 825 ||| BUYING scroll of identify (26 gold).
   825 | D:2      | Bought a scroll of identify for 26 gold pieces
   825 | D:2      | 825 ||| BUYING scroll of teleportation (39 gold).
   825 | D:2      | Bought a scroll of teleportation for 39 gold pieces
   844 | D:2      | Found Vuynwij's Antique Weapon Shop.
   873 | D:2      | 873 ||| SHOPLISTING glowing orcbow (149 gold, have 40).
   913 | D:2      | Noticed Robin
   914 | D:2      | 914 ||| Stepping ~*~*~tactically~*~*~ (outnumbered).
   916 | D:2      | 916 ||| Stepping ~*~*~tactically~*~*~ (outnumbered).
   918 | D:2      | 918 ||| Stepping ~*~*~tactically~*~*~ (outnumbered).
   929 | D:2      | Killed Robin
   930 | D:2      | Reached skill level 7 in Ranged Weapons
   934 | D:2      | HP: 4/20 [goblin/+0 club[Robin] (2)]
   935 | D:2      | 935 ||| READING scroll of teleportation.
   936 | D:2      | Slain by a goblin

Levels and vault maps discovered:
D:1:      minmay_arrival_open_corners, layout_loops_ring, serial_shops,
          nicolae_shop_advertising_works [nicolae_subvault_shop_adworks]
D:2:      layout_loops_cross, serial_shops, shop, shop, shop, uniq_robin

Skill      XL: |  1  2  3 |
---------------+----------+-----
Ranged Weapons | 6 7 |  7.2
Fighting       | |  1.5
Dodging        | |  2.4
Stealth        | |  1.2

Action                     || total
---------------------------++-------
   Fire: Shortbow          ||    85
    Use: Scroll            ||     7
 Armour: Leather armour    ||     6
         Ring mail         ||     8
  Dodge: Dodged            ||    17

Table legend:
 A = Non-vault XP
 B = Vault XP
 C = Vault XP percentage of total XP
 D = Non-vault monster count
 E = Vault monster count
 F = Vault count percentage of total count
                 A         B        C        D         E       F
            +---------+---------+-------+---------+---------+-------
      Total |      51 |      27 |  34.6 |      31 |       7 |  18.4
            +---------+---------+-------+---------+---------+-------
        D:1 |      44 |       0 |   0.0 |      26 |       0 |   0.0
        D:2 |       7 |      27 |  79.4 |       5 |       7 |  58.3
            +---------+---------+-------+---------+---------+-------
